 Dungeon Crawl Stone Soup version 0.31.0-9-g3a7656b989 (webtiles) character file.

Game seed: 1268016514902961241

111 qw the Shooter (level 4, -4/23 HPs)
             Began as a Spriggan Hunter on Feb 2, 2024.
             Slain by Robin
             ... wielding a +1 dagger of electrocution
              (15 damage)
             ... on level 3 of the Dungeon.
             The game lasted 00:00:04 (1540 turns).

qw the Shooter (Spriggan Hunter)                    Turns: 1540, Time: 00:00:05

Health: -4/23      AC:  2    Str:  7    XL:     4   Next: 62%
Magic:  5/5        EV: 20    Int: 10    God:
Gold:   180        SH:  0    Dex: 20    Spells: 3/3 levels left

rFire   . . .        a - +0 shortbow
rCold   . . .        (shield currently unavailable)
rNeg    . . .        c - +0 robe
rPois   .            (helmet restricted)
rElec   .            (no cloak)
rCorr   .            (gloves unavailable)
SInv    +            (boots unavailable)
Will    .....        (no amulet)
Stlth   ++           (no ring)
HPRegen 0.23/turn    (no ring)
MPRegen 0.09/turn

%: no passive effects
@: very quick
A: very small, no large weapons, unfitting armour, see invisible, speed 3
a: no special abilities


You were on level 3 of the Dungeon.
You visited 1 branch of the dungeon, and saw 3 of its levels.

You collected 180 gold pieces.


Innate Abilities, Weirdness & Mutations

You are very small and have problems with some larger weapons.
You are too small for most types of armour.
You have supernaturally acute eyesight. (SInv)
You cover ground extremely quickly. (Speed+++)


   Skills:
 + Level 1.6 Fighting
 - Level 5.1 Ranged Weapons
 - Level 5.0 Dodging
 - Level 1.5 Stealth


You had 3 spell levels left.
You didn't know any spells.
Your spell library was empty.

Inventory:

Hand Weapons
 a - a +0 shortbow (weapon)
Armour
 c - a +0 robe (worn)
Potions
 b - a potion of magic {unknown}
 d - a potion of berserk rage {unknown}
 e - a potion of mutation {unknown}
 f - a potion of attraction {unknown}
 g - a potion of curing {unknown}
 h - a potion of degeneration {unknown}

Dungeon Overview and Level Annotations

Branches:
Dungeon (3/15)

Altars:
Qazlal

Annotations:
D:3 Robin


Message History

You kill the hobgoblin!
You shoot an arrow.
The arrow hits Robin but does no damage.
A goblin comes into view. It is wielding a +0 dagger.
You shoot an arrow. The goblin shouts!
The arrow hits Robin.
Robin is lightly wounded.
A goblin comes into view. It is wielding a +0 dagger.
Robin misses you.
You shoot an arrow. The arrow barely misses Robin.
Robin misses you.
You shoot an arrow.
The arrow hits Robin but does no damage.
Robin is lightly wounded.
Robin closely misses you.
You shoot an arrow. The arrow barely misses Robin.
Robin hits you with a +1 dagger of electrocution.
The hobgoblin completely misses you.
You shoot an arrow. The arrow barely misses Robin.
The arrow closely misses the goblin.
The hobgoblin closely misses you.
You shoot an arrow. The arrow hits Robin.
Robin is moderately wounded.
Robin hits you with a +1 dagger of electrocution.
You shoot an arrow. The arrow barely misses Robin.
The goblin completely misses you. The hobgoblin hits you.
The goblin closely misses you.
Robin hits you with a +1 dagger of electrocution.
You shoot an arrow. The arrow hits Robin.
Robin is heavily wounded.
The goblin misses you. The hobgoblin misses you. The goblin closely misses you.
Robin completely misses you.
You shoot an arrow. The arrow closely misses Robin.
The goblin closely misses you. The hobgoblin barely misses you.
Robin hits you with a +1 dagger of electrocution.
You are electrocuted!
Ouch! That really hurt!
You die...
Robin says, "And that's why I'm the boss."

##.####### #.#
.#### #.# #.# #.#
....# #.# #.#
#.####...##.#.# #.#
######...........
##.#
#..........)...#
...#
#..............+
...#
#........).....#
...###
######.#.gg[...#
.....## #.#.@gg#.##
......##
#.#.g#...).)
..<.#..# #.#..#
#.##) ....##.####
#.#... #
....##....###.#...#
....#####..##.#....
....# ##.##.#######
....# ##..#........
....# #....########


You could see Robin, a hobgoblin (strong) and 3 goblins.

Vanquished Creatures
  Jessica (D:3)
  2 adders
  A shadow imp (D:3)
  3 dart slugs
  3 endoplasms (D:2)
  9 goblins
  2 hobgoblins
  3 jackals (D:1)
  7 kobolds
  4 quokkas
  4 ball pythons
  6 bats
  2 frilled lizards
  3 rats
50 creatures vanquished.

Notes
Turn   | Place    | Note
-------+----------+-------------------------------------------
     0 | D:1      | qw the Spriggan Hunter began the quest for the Orb.
     0 | D:1      | Reached XP level 1. HP: 10/10 MP: 2/2
     0 | D:1      | 0 ||| qw: Version: 0.3-a-155-g5e7d8dd
     0 | D:1      | 0 ||| qw: Game counter: 135
     0 | D:1      | 0 ||| qw: Melee chars always use a shield: true
     0 | D:1      | 0 ||| qw: God list: Okawaru
     0 | D:1      | 0 ||| qw: Allow faded altars: false
     0 | D:1      | 0 ||| qw: Do Orc after clearing Dungeon:15 true
     0 | D:1      | 0 ||| qw: Do second Lair branch before Depths: true
     0 | D:1      | 0 ||| qw: Lair rune preference: random
     0 | D:1      | 0 ||| qw: Goals: Normal
     0 | D:1      | 0 ||| PLANNING D:1-11
    59 | D:1      | Reached skill level 3 in Dodging
   171 | D:1      | Reached XP level 2. HP: 14/14 MP: 3/3
   510 | D:1      | 510 ||| READING scroll labelled REFIS JIJUSO.
   511 | D:1      | 511 ||| DROPPING scroll of butterflies.
   561 | D:2      | Reached XP level 3. HP: 18/18 MP: 4/4
   800 | D:2      | Found a stormy altar of Qazlal.
  1304 | D:2      | 1304 ||| READING scroll labelled FEFFIU VIPPUNN.
  1494 | D:3      | Reached XP level 4. HP: 22/22 MP: 5/5
  1508 | D:3      | Noticed Jessica
  1512 | D:3      | Killed Jessica
  1525 | D:3      | Noticed Robin
  1540 | D:3      | Slain by Robin

Levels and vault maps discovered:
D:1:      dpeg_arrival_connections, layout_basic
D:2:      layout_loops_corners, basic_altar, serial_glass, glass_columns_c,
          glass_columns_a
D:3:      layout_basic, uniq_robin, uniq_grinder, uniq_jessica

Skill      XL: |  1  2  3  4 |
---------------+-------------+-----
Dodging        | 3 4 5 |  5.0
Ranged Weapons | 5 |  5.1
Fighting       | |  1.6
Stealth        | |  1.5

Action                     |  1- 3 |  4- 6 || total
---------------------------+-------+-------++-------
   Fire: Shortbow          |   104 |    31 ||   135
    Use: Scroll            |     2 |       ||     2
 Armour: Robe              |     5 |     5 ||    10
  Dodge: Dodged            |    18 |    14 ||    32

Table legend:
 A = Non-vault XP
 B = Vault XP
 C = Vault XP percentage of total XP
 D = Non-vault monster count
 E = Vault monster count
 F = Vault count percentage of total count
                 A         B        C        D         E       F
            +---------+---------+-------+---------+---------+-------
      Total |     112 |      47 |  29.6 |      44 |       6 |  12.0
            +---------+---------+-------+---------+---------+-------
        D:1 |      39 |       0 |   0.0 |      20 |       0 |   0.0
        D:2 |      38 |       0 |   0.0 |      16 |       0 |   0.0
        D:3 |      35 |      47 |  57.3 |       8 |       6 |  42.9
            +---------+---------+-------+---------+---------+-------
